 Dungeon Crawl Stone Soup version 0.24-a0-203-gf0bc1e9 (webtiles) character file.

Game seed: 11326514562444375969

138 Borgoz the Cutter (level 5, -1/32 HPs)
             Began as a Kobold Gladiator on Mar 27, 2019.
             Was an Initiate of Ashenzari.
             Slain by an orc
             ... wielding a +0 flail
              (8 damage)
             ... on level 4 of the Dungeon.
             The game lasted 00:06:24 (3277 turns).

Borgoz the Cutter (Kobold Gladiator)                Turns: 3277, Time: 00:06:25

Health: -1/32      AC: 11    Str: 13    XL:     5   Next: 45%
Magic:  5/5        EV: 16    Int:  9    God:    Ashenzari [......]
Gold:   174        SH:  0    Dex: 16    Spells: 4/4 levels left

rFire    + + .     SeeInvis .   n - +1 short sword (protect)
rCold    + + .     Gourm    .   (shield restricted)
rNeg     . . .     Faith    .   b - +0 leather armour
rPois    +         Spirit   .   c - +0 helmet
rElec    +         Reflect  .   (no cloak)
rCorr    +         Harm     .   (no gloves)
MR       .....                  (no boots)
Stlth    +.........             (no amulet)
HPRegen  0.10/turn              (no ring)
MPRegen  0.09/turn              (no ring)

@: resistant, protection aura
A: small, carnivore, cold resistance 1, fire resistance 1
a: Curse Item, Renounce Religion


You were on level 4 of the Dungeon.
You worshipped Ashenzari.
Ashenzari was noncommittal.
You were completely stuffed.

You visited 2 branches of the dungeon, and saw 5 of its levels.

You collected 174 gold pieces.

Inventory:

Hand Weapons
 a - a +0 rapier
 n - a +1 short sword of protection (weapon)
Missiles
 d - 2 throwing nets (quivered)
Armour
 b - a +0 leather armour (worn)
 c - a +0 helmet (worn)
Scrolls
 h - 2 scrolls of identify
 l - 2 scrolls of remove curse
Potions
 j - 2 potions of degeneration
 k - 2 potions of haste
Comestibles
 f - 6 rations


   Skills:
 + Level 3.2 Fighting
 + Level 4.8 Short Blades
 + Level 3.3 Throwing
 + Level 1.4 Armour
 + Level 4.4 Dodging


You had 4 spell levels left.
You didn't know any spells.
Your spell library was empty.

Dungeon Overview and Level Annotations

Branches:
Dungeon (4/15)             Temple (1/1) D:4

Altars:
Ashenzari
Cheibriados
Dithmenos
Elyvilon
Fedhas
Gozag
Hepliaklqana
Kikubaaqudgha
Nemelex Xobeh
Okawaru
Qazlal
Ru
Sif Muna
Trog
Uskayaw
Vehumet
Wu Jian
Xom
Yredelemnul
Zin
The Shining One

Annotations:
D:4 Blork the orc, Eustachio, Natasha, Pikel


Innate Abilities, Weirdness & Mutations

You are small and have problems with some larger weapons.
You are carnivorous and can eat meat at any time.
Your flesh is cold resistant. (rC+)
Your flesh is heat resistant. (rF+)


Message History

The orc looks frightened!
It was a scroll of fear.
The orc wizard casts a spell.
The orc wizard flickers and vanishes!
Eustachio mumbles some strange words.
Eustachio blinks!
Unknown command.
Unknown command.
You miss something.
Cornered, the orc turns to fight!
Pikel hits you with a +2 whip of flaming.
* * * LOW HITPOINT WARNING * * *
Eustachio casts a spell.
Eustachio blinks!
You see here a scroll labeled YRHUYTWOYKE.
Unknown command.
You hit Pikel but do no damage.
Your weapon exudes an aura of protection.
Pikel closely misses you.
Eustachio gestures wildly while chanting.
Eustachio blinks!
The orc hits you with a +0 flail!
You die...

####### #.p...###
#.......###
#####.#@o{#
#####.K##.# ###
......p# .. .. ..
..p..... o..
.####. .§.@...##
.h. .....
.....§.## ## #.#..
.......K#######
#.#..
......#...p.pp##
#..). #####
#######.p#######..


You could see Eustachio (fleeing), Pikel, 3 slaves, an orc priest (fleeing),
Natasha (fleeing) and an orc.

Vanquished Creatures
  Natasha (D:4)
  2 adders (D:3)
  A shadow imp (D:3)
  An ooze (D:3)
  An adder skeleton (D:4)
  2 worms (D:3)
  2 dart slugs (D:3)
  2 leopard geckos (D:1)
  2 orcs (D:3)
  2 giant cockroaches (D:1)
  10 goblins
  4 hobgoblins
  3 jackals (D:3)
  8 kobolds
  12 bats
  7 frilled lizards
  A quokka skeleton (D:3)
  6 rats
67 creatures vanquished.

Notes
Turn   | Place    | Note
-------+----------+-------------------------------------------
     0 | D:1      | Borgoz the Kobold Gladiator began the quest for the Orb.
     0 | D:1      | Reached XP level 1. HP: 12/12 MP: 1/1
   208 | D:1      | Reached XP level 2. HP: 17/18 MP: 2/2
   561 | D:1      | Reached XP level 3. HP: 22/22 MP: 3/3
   709 | D:1      | Found an ancient bone altar of Kikubaaqudgha.
  1779 | D:3      | Reached XP level 4. HP: 18/27 MP: 4/4
  1815 | D:3      | Reached skill level 1 in Armour
  2389 | D:3      | Reached XP level 5. HP: 21/32 MP: 5/5
  2969 | D:4      | Found a staircase to the Ecumenical Temple.
  3011 | D:4      | Noticed Natasha
  3034 | D:4      | Killed Natasha
  3171 | Temple   | Entered the Ecumenical Temple
  3185 | Temple   | Became a worshipper of Ashenzari the Shackled
  3238 | D:4      | Noticed a slave
  3242 | D:4      | Noticed Pikel
  3243 | D:4      | Noticed a slave
  3249 | D:4      | Noticed a slave
  3260 | D:4      | Noticed Eustachio
  3262 | D:4      | Noticed a slave
  3266 | D:4      | Noticed Blork the orc
  3268 | D:4      | Gained mutation: Your flesh is heat resistant. (rF+)
                  | [potion of mutation]
  3268 | D:4      | Gained mutation: Your flesh is cold resistant. (rC+)
                  | [potion of mutation]
  3268 | D:4      | Noticed Natasha
  3277 | D:4      | Slain by an orc

Levels and vault maps discovered:
D:1:      kilobyte_arrival_exit_the_forest, layout_loops_corners, st_stairs_7,
          minmay_hexomino_r4
D:2:      layout_basic
D:3:      layout_basic
D:4:      layout_rooms, minmay_temple_entry_waves, serial_park_tiny_pond,
          kennysheep_generic_room_15, uniq_eustachio, uniq_pikel, uniq_natasha,
          uniq_blork_the_orc
Temple:   nicolae_temple_the_god_donut

Skill      XL: |  1  2  3  4 |
---------------+-------------+-----
Dodging        | 4 |  4.4
Armour         | 1 |  1.4
Throwing       | 3 |  3.3
Fighting       | 3 |  3.2
Short Blades   | |  4.8

Action                   |  1- 3 |  4- 6 || total
-------------------------+-------+-------++-------
Melee: Rapier            |    57 |       ||    57
       Short sword       |    68 |   178 ||   246
Throw: Throwing net      |       |     2 ||     2
  Use: Potion            |       |     8 ||     8
       Scroll            |       |     6 ||     6
 Stab: Sleeping          |     5 |       ||     5
  Eat: Chunk             |     3 |    13 ||    16
Armor: Leather armour    |    27 |    32 ||    59
Dodge: Dodged            |   117 |   131 ||   248

Table legend:
 A = Non-vault XP
 B = Vault XP
 C = Vault XP percentage of total XP
 D = Non-vault monster count
 E = Vault monster count
 F = Vault count percentage of total count
                 A         B        C        D         E       F
            +---------+---------+-------+---------+---------+-------
      Total |     155 |      43 |  21.7 |      62 |       5 |   7.5
            +---------+---------+-------+---------+---------+-------
        D:1 |      33 |       8 |  19.5 |      20 |       4 |  16.7
        D:2 |      10 |       0 |   0.0 |       7 |       0 |   0.0
        D:3 |     107 |       0 |   0.0 |      34 |       0 |   0.0
        D:4 |       5 |      35 |  87.5 |       1 |       1 |  50.0
            +---------+---------+-------+---------+---------+-------
